 Dungeon Crawl Stone Soup version 0.14.2 (webtiles) character file.

1412 Maximusorealius the Quickloader (level 8, 0/59 HPs)
             Began as a Centaur Hunter on Sept 10, 2015.
             Was a Believer of Okawaru.
             Slain by Maximusorealius' ghost (9 damage)
             ... on Level 6 of the Dungeon on Sept 11, 2015.
             The game lasted 00:40:37 (7132 turns).

Maximusorealius the Quickloader (Centaur Hunter)    Turns: 7132, Time: 00:40:37

HP   0/59        AC  6     Str 16      XL: 8   Next: 20%
MP   6/6         EV  8     Int 10      God: Okawaru [**....]
Gold 216         SH  0     Dex 11      Spells:  0 memorised,  7 levels left

rFire  . . .     SeeInvis .     b - +2,+3 crossbow
rCold  + . .     Clarity  .     m - +0 ring mail
rNeg   . . .     Conserve .     (no shield)
rPois  .         rCorr    .     (no helmet)
rElec  .         rRot     .     (no cloak)
SustAb . .       Spirit   .     (no gloves)
rMut   .         Warding  .     (no barding)
Saprov . . .     Stasis   .     (no amulet)
MR     .....                    (no ring)
                                s - ring of protection from cold {unknown}

@: about to teleport, very quick, not resistant to hostile enchantments,
extremely unstealthy
A: hooves 3, deformed body, herbivore 1, speed 2, fast metabolism 1, tough skin
3
a: Heroism, Renounce Religion


You were on level 6 of the Dungeon.
You worshipped Okawaru.
Okawaru was pleased with you.
You were full.

You visited 2 branches of the dungeon, and saw 7 of its levels.

You collected 216 gold pieces.

Inventory:

Hand weapons
 b - a +2,+3 crossbow (weapon)
 t - a +0,+0 war axe
Missiles
 c - 50 bolts (quivered)
Armour
 m - a +0 ring mail (worn)
Magical devices
 j - a wand of random effects (15)
 q - a wand of fire (7) {unknown}
Comestibles
 f - 2 bread rations
 k - 2 meat rations
 p - 2 apples
Scrolls
 a - a scroll of amnesia
 d - a scroll of teleportation
 e - a scroll of fear {unknown}
 g - 3 scrolls of remove curse
 r - a scroll of recharging {unknown}
Jewellery
 s - a ring of protection from cold (left hand) {unknown}
 u - an uncursed amulet of resist mutation {unknown}
Potions
 h - 2 potions of agility {unknown}
 i - 2 potions of resistance
 l - 3 potions of restore abilities
 n - 5 potions of curing
 o - 2 potions of might {unknown}
 v - a potion of flight {unknown}


   Skills:
 + Level 1.0 Fighting
 + Level 9.9 Crossbows
 + Level 3.0 Armour
 + Level 2.3 Dodging
 + Level 1.7 Stealth


You had 7 spell levels left.
You didn't know any spells.

Dungeon Overview and Level Annotations

Branches:
Dungeon (6/15)             Temple (1/1) D:4

Altars:
Ashenzari
Cheibriados
Elyvilon
Fedhas
Makhleb
Nemelex Xobeh
Okawaru
Yredelemnul
Lugonu

Shops:
D:4 [

Annotations:
D:6 Maximusorealius' ghost, experienced DDBe


Innate Abilities, Weirdness & Mutations

You have hooves in place of feet.
Armour fits poorly on your strangely shaped body.
You digest meat inefficiently.
You cover ground very quickly.
You have a fast metabolism.
You have extremely tough skin (AC +3).


Message History

Maximusorealius' ghost is severely damaged.
Maximusorealius' ghost hits you but does no damage.
Firing (i - inventory):
c - 52 bolts (quivered)
Press: ? - help, Shift-Dir - straight line, f/p - Maximusorealius' ghost
Aim: Maximusorealius' ghost (severely damaged)
You shoot a bolt. The bolt hits Maximusorealius' ghost.
Maximusorealius' ghost is severely damaged.
Maximusorealius' ghost hits you but does no damage.
Maximusorealius' ghost hits you!
* * * LOW HITPOINT WARNING * * *
Firing (i - inventory):
c - 51 bolts (quivered)
Press: ? - help, Shift-Dir - straight line, f/p - Maximusorealius' ghost
Aim: Maximusorealius' ghost (severely damaged)
You shoot a bolt. The bolt hits Maximusorealius' ghost.
Maximusorealius' ghost is severely damaged.
Maximusorealius' ghost hits you.
* * * LOW HITPOINT WARNING * * *
As you read the scroll of teleportation, it crumbles to dust.
You feel strangely unstable. Maximusorealius' ghost hits you!
You die...

### ##### .....
#...# ####.#.##
#.......#
#######.##.#..#
#.(..((..#....#####
#.#####(p@........#
#.##....###....
#.##.#..#
###.......#
..####.#.## ### #.#
#.#.# ... #.# #.#.#
#.###.# #.#.#
#.....# #...#


You could see Maximusorealius' ghost.

Vanquished Creatures
  2 ice beasts (D:5)
  A phantom (D:4)
  An ogre (D:4)
  A sky beast (D:5)
  A giant frog (D:6)
  3 scorpions
  A crimson imp (D:5)
  A goliath beetle (D:6)
  2 orc priests
  A hound (D:4)
  A jelly (D:5)
  An iguana (D:4)
  A worker ant (D:5)
  2 orc wizards
  A mummy (D:5)
  7 adders
  3 gnolls (D:5)
  2 worms
  An orc skeleton (D:5)
  2 giant geckos
  22 orcs
  2 ball pythons
  A bat skeleton (D:4)
  3 giant cockroaches
  9 goblins
  11 hobgoblins
  8 jackals
  4 quokkas
  7 bats
  7 giant newts
  2 hobgoblin skeletons (D:5)
  7 kobolds
  6 rats
124 creatures vanquished.

Vanquished Creatures (others)
  A gnoll (D:2)
1 creature vanquished.

Grand Total: 125 creatures vanquished

Notes
Turn   | Place    | Note
--------------------------------------------------------------
     0 | D:1      | Maximusorealius, the Centaur Hunter, began the quest for the Orb.
     0 | D:1      | Reached XP level 1. HP: 16/16 MP: 1/1
   575 | D:1      | Reached XP level 2. HP: 23/23 MP: 2/2
   779 | D:2      | Reached skill level 5 in Crossbows
  1161 | D:2      | Reached XP level 3. HP: 28/28 MP: 3/3
  2371 | D:3      | Reached XP level 4. HP: 35/35 MP: 3/3
  2478 | D:3      | Reached skill level 6 in Crossbows
  2820 | D:3      | Reached XP level 5. HP: 40/40 MP: 4/4
  2843 | D:3      | Found an iron altar of Okawaru.
  2912 | D:3      | Became a worshipper of Warmaster Okawaru
  2982 | D:4      | Noticed a phantom
  3142 | D:4      | Killed a phantom
  3142 | D:4      | Reached skill level 7 in Crossbows
  3142 | D:4      | Reached skill level 1 in Armour
  3142 | D:4      | Reached skill level 1 in Stealth
  3142 | D:4      | Reached XP level 6. HP: 34/47 MP: 5/5
  4677 | D:4      | Found a staircase to the Ecumenical Temple.
  4748 | Temple   | Entered the Ecumenical Temple
  5083 | D:4      | Found Vuchyx's Antique Armour Shop.
  5627 | D:4      | Reached skill level 8 in Crossbows
  5726 | D:5      | Entered Level 5 of the Dungeon
  5769 | D:5      | Acquired Okawaru's first power
  5769 | D:5      | Reached XP level 7. HP: 17/52 MP: 5/5
  6309 | D:5      | Found a sand-covered staircase.
  6606 | D:5      | Reached skill level 9 in Crossbows
  6731 | D:5      | Reached XP level 8. HP: 52/59 MP: 6/6
  6834 | D:5      | Found a blossoming altar of Fedhas.
  7068 | D:6      | Noticed Maximusorealius' ghost (experienced DDBe)
  7132 | D:6      | Slain by Maximusorealius' ghost

Action                   |  1- 3 |  4- 6 |  7- 9 || total
-------------------------+-------+-------+-------++-------
Melee: Crossbow          |       |     2 |     1 ||     3
 Fire: Crossbow          |    63 |   106 |    75 ||   244
  Use: Scroll            |    12 |     1 |     1 ||    14
       Potion            |       |     1 |     1 ||     2
